 Dungeon Crawl Stone Soup version 0.14-a0-181-gf6fe0c6 (webtiles) character file.

120935 Malachi the Cleaver (level 16, -10/132 HPs)
             Began as a Centaur Hunter on Oct 6, 2013.
             Was a High Priest of Okawaru.
             Mangled by an enormous slime creature (60 damage)
             ... on Level 20 of the Dungeon.
             The game lasted 01:58:56 (38294 turns).

Malachi the Cleaver (Centaur Hunter)               Turns: 38294, Time: 01:58:58

HP -10/132       AC 21     Str 21      XL: 16   Next: 25%
MP  23/24        EV 18     Int 10      God: Okawaru [*****.]
Gold 2414        SH  0     Dex 18      Spells:  0 memorised, 15 levels left

Res.Fire  : + . .   See Invis. : .   Y - +8 broad axe of Conscience {venom, rElec r Res.Cold : + . . Warding : . I - +4 troll leather armour "Xalaih" {rF+ Str+ Life Prot.: + . . Conserve : . (no shield)
Res.Poison: .       Res.Corr.  : .   (no helmet)
Res.Elec. : +       Clarity    : .   U - +1 dwarf cloak
Sust.Abil.: . .     Spirit.Shd : .   V - +0 pair of gloves
Res.Mut.  : .       Stasis     : .   m - +0 centaur barding
Res.Rott. : .       Flight     : .   o - amulet of faith
Saprovore : . . .                    z - +6,+7 ring of slaying
                                     s - +5 ring of dexterity

@: heroism, very quick, somewhat resistant to hostile enchantments, stealthy
A: hooves 3, deformed body, herbivore 1, speed 2, fast metabolism 1, tough skin
3
a: Heroism, Finesse, Renounce Religion


You were on level 20 of the Dungeon.
You worshipped Okawaru.
Okawaru was extremely pleased with you.
You were very hungry.

You visited 4 branches of the dungeon, and saw 33 of its levels.
You also visited: Labyrinth and Volcano.

You collected 2784 gold pieces.
You spent 390 gold pieces at shops.

Inventory:

Hand weapons
 G - a +1,+3 executioner's axe of electrocution
 Y - the +8,+8 broad axe of Conscience (weapon) {venom, rElec rC+ rN+}
   (You took it off a crimson imp on level 8 of the Dungeon)

   It poisons the flesh of those it strikes.
   It protects you from cold.
   It insulates you from electricity.
   It protects you from negative energy.
Missiles
 d - 13 tomahawks of returning (quivered)
 K - 5 javelins of penetration
 W - 5 silver tomahawks
Armour
 e - the +4 ring mail "Timyd" {MR+}
   (You found it on level 5 of the Lair of Beasts)

   It affects your resistance to hostile enchantments.
 m - a +0 centaur barding (worn)
 t - a +1 elven shield of reflection
 I - the +4 troll leather armour "Xalaih" (worn) {rF+ Str+2}
   (You found it on level 18 of the Dungeon)

   It affects your strength (+2).
   It protects you from fire.
 R - a +3 elven large shield
 U - a +1 dwarven cloak (worn)
 V - a +0 pair of gloves (worn)
Magical devices
 h - a wand of draining (8) {unknown}
 n - a wand of invisibility (2)
 v - a wand of digging (11)
 A - a wand of cold (7)
 C - a wand of lightning (8)
 E - a wand of fire (7)
 J - a wand of polymorph (12)
 L - a wand of lightning (9)
Comestibles
 f - 10 bread rations
 B - 4 honeycombs
 F - 2 royal jellies
Scrolls
 g - a scroll of enchant weapon I
 j - 2 scrolls of remove curse
 k - 3 scrolls of teleportation
 l - 2 scrolls of fear
 w - 4 scrolls of magic mapping
 x - a scroll of blinking
 O - a scroll of identify
Jewellery
 i - an uncursed amulet of resist corrosion
 o - an amulet of faith (around neck)
 p - an uncursed ring of protection from fire
 s - a +5 ring of dexterity (left hand)
 y - the ring of Tivihuj {Fire Dam+4}
   (You found it in a labyrinth)

   [ring of fire]

   It affects your damage-dealing abilities (+4).
 z - a +6,+7 ring of slaying (right hand)
 D - an uncursed ring of see invisible
 M - an uncursed ring of poison resistance
Potions
 a - 2 potions of magic
 b - 4 potions of berserk rage
 c - 2 potions of invisibility
 q - 8 potions of curing
 r - 3 potions of speed
 u - a potion of resistance
 H - a potion of heal wounds
 N - a potion of might


   Skills:
 + Level 10.9(15.9) Fighting
   Level 1.1(6.1) Short Blades
 * Level 14.8(19.8) Axes
   Level 4.7(9.7) Maces & Flails
 - Level 10.3(15.3) Throwing
 + Level 7.7(12.7) Armour
 + Level 9.0(14.0) Dodging
 - Level 0.5(5.5) Stealth
   Level 10.3(15.3) Shields
 * Level 7.6 Invocations
 - Level 0.6 Evocations


You had 15 spell levels left.
You didn't know any spells.

Dungeon Overview and Level Annotations

Branches:
Dungeon (20/27)            Temple (1/1) D:5             Orc (4/4) D:10
    Elf (0/3) Orc:3          Lair (8/8) D:11          Swamp (0/5) Lair:5
  Snake (0/5) Lair:4        Slime (0/6) Lair:8       Vaults (0/5) D:17

Altars:
Ashenzari
Cheibriados
Elyvilon
Fedhas
Kikubaaqudgha
Makhleb
Nemelex Xobeh
Okawaru
Sif Muna
Trog
Vehumet
Xom
Yredelemnul
Zin
the Shining One
Jiyva

Shops:
D:11 ?   D:13 ?   D:19 /*%   Orc:4 +=![}/?(

Portals:
Trove: D:12 (show slimy rune of Zot)

Annotations:
D:10 Psyche
D:18 exclusion: orange crystal statue


Innate Abilities, Weirdness & Mutations

You have hooves in place of feet.
Armour fits poorly on your strangely shaped body.
You digest meat inefficiently.
You cover ground very quickly.
You have a fast metabolism.
You have extremely tough skin (AC +3).


Message History

You kick the enormous slime creature!
The enormous slime creature is heavily wounded.
The enormous slime creature closely misses you.
Unknown command.
You slice the enormous slime creature!! You punch the enormous slime creature.
The enormous slime creature is severely wounded.
The enormous slime creature barely misses you.
Unknown command.
You slash the enormous slime creature! You kick the enormous slime creature!!
The enormous slime creature is severely wounded.
Unknown command.
You hit the enormous slime creature.
Your kick misses the enormous slime creature.
The enormous slime creature is almost dead.
The enormous slime creature hits you!
Unknown command.
You slash the enormous slime creature! You kick the enormous slime creature!
The enormous slime creature is almost dead.
The enormous slime creature hits you!
You die...

.........##..# #..#
..####..##..#####..#
#..##.........#
#..##..<......# #
#..##.........# #.
#..##.........# #..
#..##..........
..##..u####..............
......JJ@................
......######..##.........
.## #..##.........
#..##.........
#..##.........
#..##.........
#..##.........
#..##........
...##.......


You could see an enormous slime creature, a large slime creature and a brown
ugly thing.

Vanquished Creatures
  Saint Roka (D:18)
  Kirke (D:15)
  Donald (Orc:4)
  The ghost of Drahbeg the Conjurer, a powerful DgWz (D:14)
  A dragon (D:18)
  2 minotaurs
  An ice dragon (D:20)
  A great orb of eyes (D:17)
  A yaktaur captain (D:16)
  Fannar (Lair:5)
  Harold (Orc:2)
  8 hydras
  3 orc high priests (Orc:4)
  Urug (Orc:3)
  2 very ugly things (D:15)
  Nergalle (D:12)
  A fire crab (D:17)
  9 centaur warriors
  7 skeletal warriors
  An unseen horror (D:15)
  An ice devil (Orc:4)
  A faun (shapeshifter) (D:16)
  10 hill giants
  A swamp dragon (Lair:5)
  A lindwurm (shapeshifter) (D:17)
  2 giant amoebae
  A sphinx zombie (D:19)
  7 orc knights
  6 orc sorcerers
  3 sixfirhies (Orc:4)
  A griffon (Lair:8)
  A stone giant zombie (D:19)
  27 slime creatures
  A spiny worm (Lair:4)
  A fire giant skeleton (D:18)
  A frost giant skeleton (D:18)
  A stone giant skeleton (D:19)
  2 black mambas
  7 cyclopes
  11 spiny frogs
  A spriggan druid (Lair:8)
  12 yaktaurs
  6 komodo dragons
  A queen bee (D:13)
  Grinder (D:4)
  2 fire drakes (Lair:5)
  A giant firefly (shapeshifter) (D:19)
  A giant firefly (Lair:8)
  2 red devils
  8 spriggans (Lair:8)
  A hydra zombie (D:15)
  2 blue devils (Orc:4)
  3 boulder beetles
  A two-headed ogre (D:9)
  A troll (shapeshifter) (D:19)
  A harpy zombie (D:16)
  15 blink frogs
  A harpy skeleton (D:18)
  A stone giant simulacrum (D:19)
  A baby alligator (Lair:5)
  6 trolls
  A hydra skeleton (D:14)
  6 grizzly bears (Lair:8)
  A griffon skeleton (D:16)
  5 basilisks
  4 wyverns
  A tarantella (shapeshifter) (D:16)
  57 ugly things
  2 hill giant zombies
  4 shadows
  42 yaks
  A vampire (D:16)
  2 ynoxinuls (Orc:4)
  An ettin skeleton (D:17)
  5 hogs (D:15)
  A spiny worm zombie (D:17)
  3 wraiths
  Grum (D:11)
  A steam dragon (D:7)
  28 wolves
  5 hungry ghosts
  An agate snail zombie (D:16)
  3 manticores
  A soldier ant (D:15)
  13 hippogriffs
  A rock worm (D:18)
  3 mottled dragons
  8 vampire mosquitoes
  2 nagas (Lair:4)
  A necrophage (D:8)
  A deep troll skeleton (D:18)
  3 sky beasts
  8 porcupines
  8 black bears
  3 phantoms
  9 ogres
  2 ice beasts
  10 crocodiles
  29 orc warriors
  24 centaurs
  Duvessa (D:4)
  3 wargs
  A brain worm (D:15)
  A boring beetle (shapeshifter) (D:16)
  2 giant slugs (Lair:8)
  3 big kobolds
  A yaktaur zombie (D:20)
  3 cyclops zombies
  9 agate snails
  16 water moccasins
  2 wyvern skeletons
  3 yaktaur skeletons
  10 giant frogs
  A lava fish (Lair:8)
  A manticore skeleton (D:13)
  A cyclops skeleton (D:9)
  25 killer bees
  4 eyes of draining
  3 lava snakes (Lair:8)
  A hippogriff skeleton (D:12)
  A troll skeleton (D:13)
  9 crimson imps
  Dowan (D:4)
  3 vampire bats (Lair:7)
  14 wights
  A goliath beetle (D:9)
  A yellow wasp zombie (D:7)
  Crazy Yiuf (D:4)
  12 iguanas
  18 orc priests
  3 jellies
  17 hounds
  20 orc wizards
  3 scorpions
  A two-headed ogre skeleton (D:15)
  A two-headed ogre zombie (D:14)
  9 worker ants
  A boulder beetle simulacrum (D:18)
  Ijyb (D:4)
  16 sheep
  11 boggarts
  3 gnolls (D:2)
  23 adders
  5 giant centipedes
  57 green rats
  4 giant mites
  4 worms
  5 ufetubi (Orc:4)
  An adder skeleton (D:4)
  An orc skeleton (Orc:4)
  3 giant geckos
  2 oozes (D:7)
  130 orcs
  A ball python (D:6)
  28 bats
  A giant cockroach (D:3)
  21 goblins
  23 hobgoblins
  34 jackals
  28 kobolds
  16 quokkas
  A giant gecko skeleton (D:6)
  2 giant newts
  6 orc zombies
  23 rats
  2 ballistomycetes (D:15)
  A bush (Lair:5)
  9 butterflies (D:14)
  2 fungi
  3 plants
1174 creatures vanquished.

Vanquished Creatures (others)
  A human (D:15)
  An iguana (Lair:5)
  A boggart (D:19)
  A giant spore (D:15)
  A fungus (Lair:3)
  2 plants (Lair:3)
7 creatures vanquished.

Grand Total: 1181 creatures vanquished

Notes
Turn   | Place    | Note
--------------------------------------------------------------
     0 | D:1      | Malachi, the Centaur Hunter, began the quest for the Orb.
     0 | D:1      | Reached XP level 1. HP: 17/17 MP: 0/0
     2 | D:1      | Noticed a vampire
     2 | D:1      | Noticed a demonspawn
     4 | D:1      | Noticed a felid
     4 | D:1      | Noticed a merfolk
     6 | D:1      | Noticed a draconian
     8 | D:1      | Noticed a minotaur
    10 | D:1      | Noticed a dwarf
    12 | D:1      | Noticed a demigod
    12 | D:1      | Noticed a centaur
    14 | D:1      | Noticed an ogre
    14 | D:1      | Noticed an octopode
    16 | D:1      | Noticed an elf
    18 | D:1      | Noticed a troll
    20 | D:1      | Noticed a spriggan
    20 | D:1      | Noticed a ghoul
    22 | D:1      | Noticed a tengu
    22 | D:1      | Noticed a naga
   449 | D:1      | Reached XP level 2. HP: 22/24 MP: 1/1
   803 | D:1      | Reached skill level 1 in Short Blades
   877 | D:1      | Noticed a phantom
   886 | D:1      | Killed a phantom
   886 | D:1      | Reached skill level 6 in Throwing
   886 | D:1      | Reached XP level 3. HP: 29/29 MP: 2/2
   886 | D:1      | Reached XP level 4. HP: 37/37 MP: 2/2
  1031 | D:2      | Reached skill level 7 in Throwing
  1278 | D:2      | Reached XP level 5. HP: 35/42 MP: 3/3
  1396 | D:2      | Reached skill level 1 in Armour
  3100 | D:4      | Reached skill level 1 in Maces & Flails
  3100 | D:4      | Reached XP level 6. HP: 50/50 MP: 4/4
  3113 | D:4      | Noticed an ogre
  3426 | D:4      | Killed an ogre
  3687 | D:4      | Noticed Ijyb
  3706 | D:4      | Killed Ijyb
  3926 | D:4      | Gained mutation: You are agile. (Dex +2) [potion of beneficial mutation]
  4254 | D:4      | Noticed Grinder
  4259 | D:4      | Paralysed by Grinder for 7 turns
  4280 | D:5      | Entered Level 5 of the Dungeon
  4463 | D:5      | Reached XP level 7. HP: 51/56 MP: 4/4
  4789 | D:5      | Reached skill level 1 in Shields
  4982 | D:5      | Found a staircase to the Ecumenical Temple.
  5024 | Temple   | Entered the Ecumenical Temple
  5133 | Temple   | Became a worshipper of Warmaster Okawaru
  5324 | D:4      | Noticed Duvessa
  5324 | D:4      | Noticed Dowan
  5350 | D:4      | Killed Duvessa
  5360 | D:4      | Killed Dowan
  5474 | D:4      | Noticed an ogre
  5479 | D:4      | Killed an ogre
  5548 | D:4      | Reached XP level 8. HP: 51/63 MP: 5/5
  5676 | D:4      | Noticed Crazy Yiuf
  5682 | D:4      | Killed Crazy Yiuf
  6236 | D:4      | Killed Grinder
  6236 | D:4      | Acquired Okawaru's first power
  6236 | D:4      | Reached skill level 8 in Throwing
  7512 | D:7      | Reached XP level 9. HP: 54/71 MP: 6/6
  9000 | D:8      | Got a transparent broad axe
  9026 | D:8      | Identified the +8,+8 broad axe of Conscience {venom, rElec rC+ rN+} (You took it off a crimson imp on level 8 of the Dungeon)
  9026 | D:8      | Identified the +8,+8 broad axe of Conscience {venom, rElec rC+ rN+} (You took it off a crimson imp on level 8 of the Dungeon)
  9142 | D:8      | Gained mutation: You are frail (-10% HP). [potion of mutation]
  9142 | D:8      | Gained mutation: You have a pair of small horns on your head. [potion of mutation]
  9142 | D:8      | Gained mutation: You occasionally shout uncontrollably. [potion of mutation]
  9254 | D:8      | Reached skill level 5 in Armour
  9414 | D:9      | Reached skill level 5 in Fighting
  9699 | D:9      | Reached skill level 1 in Axes
 10105 | D:9      | Reached XP level 10. HP: 71/71 MP: 4/6
 10107 | D:9      | Reached skill level 5 in Dodging
 10112 | D:9      | Received a gift from Okawaru
 10141 | D:9      | Found a sparkling altar of Nemelex Xobeh.
 10430 | D:10     | Entered Level 10 of the Dungeon
 10602 | D:10     | Found a staircase to the Orcish Mines.
 10639 | D:10     | Noticed a hill giant
 10648 | D:10     | Killed a hill giant
 10881 | D:10     | Noticed Psyche
 10980 | D:10     | Found a glowing golden altar of the Shining One.
 11019 | D:10     | Noticed a hill giant
 11061 | D:10     | Killed a hill giant
 11061 | D:10     | Reached skill level 1 in Invocations
 11340 | D:10     | Noticed a cyclops
 11358 | D:10     | Killed a cyclops
 11358 | D:10     | Reached skill level 5 in Shields
 11471 | D:10     | Reached skill level 5 in Axes
 11638 | D:10     | Noticed a hill giant
 11647 | D:10     | Killed a hill giant
 11647 | D:10     | Received a gift from Okawaru
 11869 | D:11     | Found Cletanet's Magic Scroll Boutique.
 12014 | D:11     | Reached XP level 11. HP: 53/77 MP: 11/11
 12184 | D:11     | Identified the Papyrus of Triumph (You found it on level 11 of the Dungeon)
 12245 | D:11     | Found a staircase to the Lair.
 12391 | D:11     | Noticed Grum
 12409 | D:11     | Killed Grum
 12409 | D:11     | Acquired Okawaru's second power
 12854 | Lair:1   | Entered Level 1 of the Lair of Beasts
 12873 | Lair:1   | Received a gift from Okawaru
 13289 | Lair:1   | Received a gift from Okawaru
 13306 | Lair:1   | Got a slimy robe {god gift}
 13311 | Lair:1   | Identified the -2 robe of Phuvvi {Str+5 Dex-4} (Okawaru gifted it to you on level 1 of the Lair of Beasts)
 13971 | Lair:1   | Noticed a four-headed hydra
 13978 | Lair:1   | Killed a four-headed hydra
 14790 | Lair:2   | Noticed a five-headed hydra
 14826 | Lair:2   | Killed a six-headed hydra
 15319 | Lair:3   | Reached skill level 9 in Throwing
 15860 | Lair:3   | Reached XP level 12. HP: 74/85 MP: 13/13
 16014 | Lair:3   | Received a gift from Okawaru
 16950 | Lair:4   | Noticed a seven-headed hydra
 17039 | Lair:4   | Killed a seven-headed hydra
 17144 | Lair:4   | Found a staircase to the Snake Pit.
 17696 | Lair:4   | Received a gift from Okawaru
 18327 | Lair:5   | Noticed an eight-headed hydra
 18413 | Lair:5   | Killed a nine-headed hydra
 18671 | Lair:5   | Got a twisted ring mail
 18679 | Lair:5   | Identified the +4 ring mail "Timyd" {MR+} (You found it on level 5 of the Lair of Beasts)
 18698 | Lair:5   | Noticed Fannar
 18706 | Lair:5   | Killed Fannar
 18706 | Lair:5   | Received a gift from Okawaru
 18706 | Lair:5   | Reached skill level 10 in Throwing
 19125 | Lair:5   | Found a staircase to the Swamp.
 19885 | Lair:6   | Received a gift from Okawaru
 21177 | Lair:8   | Entered Level 8 of the Lair of Beasts
 21177 | Lair:8   | Found a viscous altar of Jiyva.
 21177 | Lair:8   | Found a staircase to the Slime Pits.
 21331 | Lair:8   | Reached XP level 13. HP: 93/93 MP: 15/15
 22104 | Lair:8   | Noticed a spriggan rider
 22126 | Lair:8   | Reached skill level 10 in Axes
 22152 | Lair:8   | Killed a spriggan rider
 22152 | Lair:8   | Killed a giant firefly
 22152 | Lair:8   | Received a gift from Okawaru
 22156 | Lair:8   | Got a crystal broad axe {god gift}
 22167 | Lair:8   | Identified the +8,-1 broad axe of the Lair of Beasts {speed, rPois rN+ Str+2} (Okawaru gifted it to you on level 8 of the Lair of Beasts)
 22167 | Lair:8   | Identified the +8,-1 broad axe of the Lair of Beasts {speed, rPois rN+ Str+2} (Okawaru gifted it to you on level 8 of the Lair of Beasts)
 22316 | Lair:8   | Noticed a five-headed hydra
 22341 | Lair:8   | Killed a five-headed hydra
 22972 | Orc:1    | Entered Level 1 of the Orcish Mines
 23264 | Orc:2    | Noticed Harold
 23274 | Orc:2    | Killed Harold
 23406 | Orc:2    | Found a dark tunnel.
 23503 | Volcano  | Entered a volcano
 24228 | Orc:3    | Received a gift from Okawaru
 24238 | Orc:3    | Found a staircase to the Elven Halls.
 24290 | Orc:3    | Noticed Urug
 24311 | Orc:3    | Killed Urug
 24637 | Orc:4    | Entered Level 4 of the Orcish Mines
 24644 | Orc:4    | Found Pnainon's Book Shoppe.
 24656 | Orc:4    | Found Xula's Jewellery Emporium.
 24685 | Orc:4    | Found a labyrinth entrance.
 24717 | Lab      | Entered a labyrinth
 25069 | Lab      | Reached skill level 11 in Axes
 25082 | Lab      | Got a shimmering bone ring
 25089 | Lab      | Got an encrusted chain mail
 25095 | Lab      | Identified the cursed +1 chain mail of Aheidige {rC+} (You found it in a labyrinth)
 25096 | Lab      | Identified the ring of Tivihuj {Fire Dam+4} (You found it in a labyrinth)
 25098 | Lab      | Identified a +9 rod of inaccuracy (11/11) (You found it in a labyrinth)
 25416 | Orc:4    | Bought an uncursed amulet of faith for 390 gold pieces
 25561 | Orc:4    | Noticed Donald
 25587 | Orc:4    | Killed Donald
 25852 | Orc:4    | Paralysed by an orc sorcerer for 7 turns
 25926 | Orc:4    | Received a gift from Okawaru
 25927 | Orc:4    | Got a polished chain mail {god gift}
 25929 | Orc:4    | Found Vowkiov's Distillery.
 26210 | Orc:4    | Identified the +5 chain mail of Ennui {+Blink Dex+1 Stlth-} (Okawaru gifted it to you on level 4 of the Orcish Mines)
 26241 | Orc:4    | Found Simampun's Antique Armour Emporium.
 26502 | Orc:4    | Reached XP level 14. HP: 101/101 MP: 15/18
 26509 | Orc:4    | Paralysed by an orc sorcerer for 3 turns
 26619 | Orc:4    | HP: 4/101 [ice devil[an orc high priest] (15)]
 26620 | Orc:4    | Gained mutation: You have a very fast metabolism. [a neqoxec]
 27494 | Orc:4    | Found Bugyleot's Gadget Shoppe.
 27593 | Orc:4    | Found Fabeenaipog's Magical Wand Shop.
 27598 | Orc:4    | Found Schutue's Magic Scroll Shop.
 27600 | Orc:4    | Found Ena Laul's Weapon Shoppe.
 27645 | Orc:4    | Paralysed by an orc sorcerer for 6 turns
 28416 | D:12     | Found a portal to a secret trove of treasure.
 28786 | D:12     | Noticed Nergalle
 28794 | D:12     | Killed Nergalle
 28897 | D:13     | Found Deloedue's Magic Scroll Shop.
 29572 | D:14     | Entered Level 14 of the Dungeon
 29619 | D:14     | Reached skill level 12 in Axes
 29620 | D:14     | Received a gift from Okawaru
 30048 | D:14     | Received a gift from Okawaru
 30058 | D:14     | Got a twisted leather armour {god gift}
 30069 | D:14     | Identified the +1 leather armour of Music {rC+ MR+} (Okawaru gifted it to you on level 14 of the Dungeon)
 30889 | D:14     | Noticed Drahbeg's ghost (powerful DgWz)
 30910 | D:14     | Killed Drahbeg's ghost
 30916 | D:15     | Entered Level 15 of the Dungeon
 31292 | D:15     | Noticed Kirke
 31312 | D:15     | Killed Kirke
 31312 | D:15     | Reached skill level 5 in Invocations
 31597 | D:15     | Received a gift from Okawaru
 31718 | D:15     | Reached XP level 15. HP: 46/109 MP: 21/21
 32019 | D:15     | Reached skill level 13 in Axes
 32254 | D:16     | Found a shimmering altar of Xom.
 32289 | D:16     | Found a shimmering altar of Xom.
 32289 | D:16     | Found a shimmering altar of Xom.
 32289 | D:16     | Found a shimmering altar of Xom.
 32289 | D:16     | Found a shimmering altar of Xom.
 32289 | D:16     | Found a shimmering altar of Xom.
 32479 | D:16     | Reached skill level 10 in Fighting
 32818 | D:16     | Received a gift from Okawaru
 33541 | D:16     | Lost mutation: You have a very fast metabolism. [potion of mutation]
 33541 | D:16     | Gained mutation: You are partially covered in thin metallic scales (AC +2). [potion of mutation]
 33541 | D:16     | Gained mutation: Your spells are a little harder to cast, but a little more powerful. [potion of mutation]
 33906 | D:17     | HP: 4/110 [lindwurm (shapeshifter)/blast of flame (39)]
 34363 | D:17     | Found a staircase to the Vaults.
 34467 | D:17     | Reached skill level 10 in Shields
 34852 | D:18     | Received a gift from Okawaru
 34924 | D:18     | Got an ichor-stained troll leather armour
 34937 | D:18     | Identified the cursed +4 troll leather armour "Xalaih" {rF+ Str+2} (You found it on level 18 of the Dungeon)
 34980 | D:18     | Received a gift from Okawaru
 35051 | D:18     | Reached skill level 14 in Axes
 35215 | D:18     | Noticed Saint Roka
 35220 | D:18     | Received a gift from Okawaru
 35262 | D:17     | Lost mutation: You are frail (-10% HP). [potion of cure mutation]
 35262 | D:17     | Lost mutation: You are agile. (Dex +2) [potion of cure mutation]
 35262 | D:17     | Lost mutation: You occasionally shout uncontrollably. [potion of cure mutation]
 35262 | D:17     | Lost mutation: Your spells are a little harder to cast, but a little more powerful. [potion of cure mutation]
 35262 | D:17     | Lost mutation: You are partially covered in thin metallic scales (AC +2). [potion of cure mutation]
 36208 | D:18     | Killed Saint Roka
 36208 | D:18     | Received a gift from Okawaru
 36208 | D:18     | Reached XP level 16. HP: 81/132 MP: 22/24
 36372 | D:19     | Received a gift from Okawaru
 36554 | D:19     | Found Ahecs' General Store.
 36569 | D:19     | Lost mutation: You have a pair of small horns on your head. [potion of cure mutation]
 37247 | D:19     | Received a gift from Okawaru
 37288 | D:19     | Found Yroociaru's Magical Wand Shoppe.
 37337 | D:19     | Found Ipoazxai's Food Shop.
 37451 | D:19     | Got a smoking ring mail
 37463 | D:19     | Identified the -1 ring mail of Ashenzari's Reproof {Int+4 Dam+2} (You found it on level 19 of the Dungeon)
 37802 | D:20     | Entered Level 20 of the Dungeon
 38294 | D:20     | Mangled by an enormous slime creature

Action                   |  1- 3 |  4- 6 |  7- 9 | 10-12 | 13-15 | 16-18 || total
-------------------------+-------+-------+-------+-------+-------+-------++-------
Melee: Short sword       |    36 |       |     3 |       |       |       ||    39
       Morningstar       |       |   213 |   317 |       |       |       ||   530
       Broad axe         |       |       |    57 |   755 |  1526 |    87 ||  2425
       Great mace        |       |       |     2 |       |       |       ||     2
       Executioner's axe |       |       |       |       |       |    59 ||    59
Throw: Javelin           |    13 |    13 |    20 |    22 |    10 |       ||    78
       Throwing net      |       |     1 |     1 |       |       |       ||     2
       Dart              |       |       |       |     9 |       |       ||     9
       Tomahawk          |       |       |       |    33 |     1 |       ||    34
Invok: Heroism           |       |       |     1 |    21 |    58 |     7 ||    87
Evoke: Wand              |       |       |     5 |     3 |     6 |       ||    14
  Use: Scroll            |       |    12 |    17 |     8 |    12 |     1 ||    50
       Potion            |       |     6 |     8 |     5 |     8 |     1 ||    28
 Stab: Sleeping          |       |       |       |     1 |     3 |       ||     4
       Distracted        |       |       |       |       |     2 |       ||     2
       Fleeing           |       |       |       |       |     2 |       ||     2
